 Dungeon Crawl Stone Soup version 0.30-a0-458-g86641cc369 (webtiles) character file.

Game seed: 831477519814789571

415 jlumianski the Trooper (level 6, -6/49 HPs)
             Began as a Demonspawn Fighter on Dec 14, 2022.
             Mangled by a gnoll
             ... wielding a +0 halberd
              (10 damage)
             ... on level 4 of the Dungeon.
             The game lasted 00:13:23 (2279 turns).

jlumianski the Trooper (Demonspawn Fighter)         Turns: 2279, Time: 00:13:24

Health: -6/49      AC:  8    Str: 18    XL:     6   Next: 60%
Magic:  6/6        EV: 11    Int:  7    God:
Gold:   112        SH:  0    Dex: 13    Spells: 5/5 levels left

rFire   . . .      SeeInvis .    a - +0 war axe
rCold   . . .      Faith    .    (no shield)
rNeg    . . .      Spirit   .    b - +0 scale mail
rPois   .          Reflect  .    p - +0 helmet
rElec   .          Harm     .    (no cloak)
rCorr   .          Rampage  .    (no gloves)
Will    .....                    (no boots)
Stlth   ..........               (no amulet)
HPRegen 0.28/turn                (no ring)
MPRegen 0.10/turn                (no ring)

@: no status effects
A: repulsion field 1, demonic guardian 2, demonic touch 1, talons 1, dopey 1,
wild magic 1
a: no special abilities


You were on level 4 of the Dungeon.
You visited 1 branch of the dungeon, and saw 5 of its levels.

You collected 112 gold pieces.

Inventory:

Hand Weapons
 a - a +0 war axe (weapon)
Missiles
 g - 3 boomerangs
 i - 16 stones
 l - 6 poisoned darts (quivered)
 o - 5 javelins
Armour
 b - a +0 scale mail (worn)
 c - a +0 buckler
 p - a +0 helmet (worn)
Magical Staves
 h - a staff of cold
Scrolls
 m - a scroll of amnesia
 n - a scroll of noise
 t - a scroll of vulnerability
 v - a scroll of blinking
Potions
 d - a potion of might
 e - a potion of invisibility
 f - a potion of brilliance
 j - a potion of cancellation
 k - a potion of degeneration
 r - a potion of flight


   Skills:
 * Level 4.6 Fighting
 + Level 4.5 Axes
 + Level 3.8 Armour
 + Level 0.8 Dodging
 - Level 3.0 Shields


You had 5 spell levels left.
You didn't know any spells.
Your spell library contained the following spells:

 Spells                   Type           Power      Damage    Failure   Level
 Kiss of Death            Conj/Necr      0%         2d5       87%         1
 Necrotise                Necr           0%         1d4       87%         1
 Summon Small Mammal      Summ           0%         N/A       87%         1
 Hailstorm                Conj/Ice       0%         3d3       99%         3
 Ignite Poison            Fire/Tmut/Pois 0%         N/A       99%         3
 Kindle Blastsparks       Fire/Tloc/Air  0%         2d10      99%         3
 Ice Form                 Ice/Tmut       0%         N/A       100%        4
 Freezing Cloud           Conj/Ice/Air   0%         6-21      100%        5
 Simulacrum               Ice/Necr       0%         N/A       100%        6


Dungeon Overview and Level Annotations

Branches:
Dungeon (5/15)
 Temple: D:4-7

Altars:
Ru

Annotations:
D:5 Eustachio


Innate Abilities, Weirdness & Mutations

You are surrounded by a mild repulsion field. (EV +2)
A demonic guardian rushes to your aid.
Your touch may inflict minor irresistible damage on your foes.
You have sharp toenails.
You are dopey. (Int -2)
Your spells are a little harder to cast, but a little more powerful.


Message History

The orc priest hits your rust devil but does no damage.
You hear some strange, mumbled words.
A magic dart appears from out of thin air!
The magic dart hits you!
A demonic guardian appears!
The orc priest invokes the aid of Beogh against you.
Beogh smites you!
* * * LOW HITPOINT WARNING * * *
Your rust devil hits the orc priest!
The orc priest dies!
Something hits you but does no damage.
You closely miss the orc priest. You barely miss something.
Your rust devil closely misses the orc priest.
Something hits you.
* * * LOW HITPOINT WARNING * * *
The orc priest calls down the wrath of Beogh upon you.
You barely resist. You hit the orc priest.
The orc priest is moderately wounded.
You completely miss something.
Your rust devil hits the orc priest.
Your rust devil corrodes the orc priest!
The orc priest hits you with a +0 whip.
* * * LOW HITPOINT WARNING * * *
You hear some strange, mumbled words.
You are confused.
Your rust devil hits the orc priest!
The orc priest seems to be corroded for longer.
Okay, then.
The orc priest hits your rust devil but does no damage.
Your hellwing hits the orc priest!
The orc priest dies!
Something hits you.
* * * LOW HITPOINT WARNING * * *
A gnoll comes into view. It is wielding a +0 halberd.
You're too confused to move!
Something hits you.
* * * LOW HITPOINT WARNING * * *
Something hits you but does no damage. Something hits you but does no damage.
You feel less confused.
The gnoll hits you from afar with a +0 halberd!
You die...

. .....##........###.# ...
..............##..#
....####.........>...#..##
........................##
.........................#
.....##...##..............
......#)...#............##
......).4..#.........####
.......g4@....###....#
..............# #...##
..........##### #...#
...##.#..## ##..#
.....<#... ####
.#.##..#..# # #..#### ....
.#..


You could see a gnoll, a friendly hellwing (summoned) and a friendly rust devil
(summoned).

Vanquished Creatures
  2 orc priests (D:2)
  An iguana (D:4)
  2 orc wizards (D:2)
  3 adders
  4 worms
  2 dart slugs (D:1)
  4 orcs
  2 bats
  4 endoplasms
  4 giant cockroaches
  A goblin (D:2)
  5 hobgoblins
  2 jackals (D:1)
  3 quokkas
  6 ball pythons
  2 frilled lizards (D:1)
  3 kobolds
  12 rats
62 creatures vanquished.

Vanquished Creatures (collateral kills)
  An orc warrior (D:4)
  3 orc priests
4 creatures vanquished.

Vanquished Creatures (others)
  A plant (D:3)
1 creature vanquished.

Grand Total: 67 creatures vanquished

Notes
Turn   | Place    | Note
-------+----------+-------------------------------------------
     0 | D:1      | jlumianski the Demonspawn Fighter began the quest for the
                  | Orb.
     0 | D:1      | Reached XP level 1. HP: 18/18 MP: 1/1
   145 | D:2      | Gained mutation: You are surrounded by a mild repulsion
                  | field. (EV +2) [demonic ancestry]
   145 | D:2      | Reached XP level 2. HP: 24/24 MP: 2/2
   396 | D:1      | Gained mutation: Your touch may inflict minor irresistible
                  | damage on your foes. [demonic ancestry]
   396 | D:1      | Reached XP level 3. HP: 25/29 MP: 3/3
  1082 | D:2      | Gained mutation: A weak demonic guardian rushes to your
                  | aid. [demonic ancestry]
  1082 | D:2      | Reached XP level 4. HP: 36/36 MP: 4/4
  1392 | D:2      | Gained mutation: A demonic guardian rushes to your aid.
                  | [demonic ancestry]
  1392 | D:2      | Reached XP level 5. HP: 42/42 MP: 5/5
  1583 | D:2      | Found a sacrificial altar of Ru.
  2105 | D:4      | Got An Introduction to Thaumaturgy
  2142 | D:5      | Entered Level 5 of the Dungeon
  2142 | D:5      | Noticed Eustachio
  2256 | D:4      | Noticed an orc warrior
  2263 | D:4      | Reached XP level 6. HP: 44/48 MP: 6/6
  2268 | D:4      | Gained mutation: You are dopey. (Int -2) [potion of
                  | mutation]
  2268 | D:4      | Gained mutation: You have sharp toenails. [potion of
                  | mutation]
  2268 | D:4      | Gained mutation: Your spells are a little harder to cast,
                  | but a little more powerful. [potion of mutation]
  2269 | D:4      | Killed an orc warrior
  2279 | D:4      | Mangled by a gnoll

Illustrated notes

Levels and vault maps discovered:
D:1:      matt_arrival_refuge, layout_basic, dk_noncrumbling_4,
          chequers_serial_rivers_large_b, chequers_serial_rivers_micro_a,
          minmay_crystal_water, nrook_campfire, minmay_misc_feat_alley
D:2:      layout_rooms, basic_altar, chequers_garden, reono_crystal_passage,
          minmay_rat_gold_closets
D:3:      layout_loops_corners, overflow_temple_1_default,
          mainiacjoe_overflow_24_doors, kennysheep_another_room, minivault_5,
          minmay_misc_feat_x, corexii_shack, uniq_crazy_yiuf_cottage
D:4:      layout_cave_pools, grunt_qazlal_clouds,
          nicolae_overflow_crystal_walls, gup_sewer_entry_spiral, serial_shops,
          shop
D:5:      dreamdust_elfheim, layout_cave_pools, uniq_ijyb, uniq_eustachio

Skill      XL: |  1  2  3  4  5 |
---------------+----------------+-----
Armour         | 3 |  3.8
Shields        | 3 |  3.0
Axes           | 2 3 4 |  4.5
Fighting       | 4 |  4.6
Dodging        | |  0.8

Action                   |  1- 3 |  4- 6 || total
-------------------------+-------+-------++-------
Melee: War axe           |    73 |    90 ||   163
       Touch             |     7 |    14 ||    21
       Kick              |       |     2 ||     2
       Punch             |       |     1 ||     1
  Use: Scroll            |       |    11 ||    11
       Potion            |       |     2 ||     2
Armor: Scale mail        |    27 |    36 ||    63
Dodge: Dodged            |    60 |    51 ||   111
Block: Buckler           |     7 |       ||     7

Table legend: (Time is in decaauts)
 A = Elapsed time spent in this place.
 B = Non-inter-level travel time spent in this place.
 C = Inter-level travel time spent in this place.
 D = Time resting spent in this place.
 E = Time spent auto-exploring this place.
 F = Levels seen in this place.
 G = Mean time per level.
                   A        B        C        D        E       F      G
               +--------+--------+--------+--------+--------+-----+--------+
         Total |   2372 |   2302 |     70 |     96 |   1230 |   5 |  474.4 |
       Dungeon |   2372 |   2302 |     70 |     96 |   1230 |   5 |  474.4 |
               +--------+--------+--------+--------+--------+-----+--------+

Top non-repeatable levels by time:
     D:1: 944 daAuts
     D:2: 781 daAuts
     D:3: 417 daAuts
     D:4: 227 daAuts
     D:5: 1 daAuts
